 Dungeon Crawl Stone Soup version 0.16-a0-1348-g01787a8 (webtiles) character file.

14336 Psiweapon the Grappler (level 12, 0/103 (104) HPs)
             Began as a Ghoul Monk on Oct 18, 2014.
             Was a Priest of Qazlal.
             Slain by a five-headed hydra (9 damage)
             ... on level 3 of the Lair of Beasts.
             The game lasted 01:36:08 (13005 turns).

Psiweapon the Grappler (Ghoul Monk)                Turns: 13005, Time: 01:36:08

HP:   0/103 (104)   AC: 10    Str: 19    XL:     12   Next: 15%
MP:   31/31         EV: 16    Int:  8    God:    Qazlal [***...]
Gold: 743           SH:  4    Dex: 12    Spells: 0 memorised, 11 levels left

rFire  + . .     SeeInvis .       - Unarmed
rCold  + . .     Clarity  .     J - +1 leather armour {rF+}
rNeg   + + +     SustAb   .     (no shield)
rPois  +         Saprov   + + + a - +0 helmet
rElec  .         Spirit   .     r - +0 cloak
rCorr  .         Warding  .     (no gloves)
rMut   .         Stasis   .     D - +2 pair of boots
MR     .....                    (no amulet)
Stlth  +.........               t - ring of magical power
                                B - +3 ring of strength

@: rotting, not resistant to hostile enchantments, very unstealthy
A: rotting body, claws 1, carnivore 3, cold resistance 1, negative energy
resistance 3, poison resistance, saprovore 3, slow healing 1, torment
resistance, unbreathing
a: Upheaval, Elemental Force, Renounce Religion


You were on level 3 of the Lair of Beasts.
You worshipped Qazlal.
Qazlal was most pleased with you.
You were not hungry.

You visited 2 branches of the dungeon, and saw 14 of its levels.

You collected 867 gold pieces.
You spent 124 gold pieces at shops.

Inventory:

Hand weapons
 b - a +0 hand crossbow
 d - the +2 mace of the Hero {speed, rPois rC++ Dex+2}
   (You found it on level 8 of the Dungeon)

   Attacks with this weapon are significantly faster.
   It affects your dexterity (+2).
   It greatly protects you from cold.
   It protects you from poison.
 s - a +0 triple sword
 P - a +1 blowgun
Missiles
 c - 8 needles of confusion
 q - 29 poisoned needles
 A - 2 poisoned javelins
 N - 9 curare-tipped needles
 S - 59 bolts
 V - 3 throwing nets (quivered)
 W - 5 tomahawks
Armour
 a - a +0 helmet (worn)
 h - a +0 troll leather armour
 r - a +0 cloak (worn)
 y - a +2 pair of gloves
 D - a +2 pair of boots (worn)
 J - a +1 leather armour of fire resistance (worn)
Jewellery
 t - a ring of magical power (right claw)
 B - a +3 ring of strength (left claw)
 K - an uncursed ring of see invisible
Magical devices
 o - a wand of fire (2)
 p - a wand of lightning (8)
 u - a wand of polymorph (17)
 E - a wand of hasting (4)
 I - a wand of confusion (42)
Scrolls
 f - 2 scrolls of fear
 i - 2 scrolls of magic mapping
 j - 10 scrolls of teleportation
 m - a scroll of remove curse
 v - a scroll of recharging
 Q - 2 scrolls of fog {unknown}
 Y - a scroll of blinking
Potions
 e - 4 potions of might
 k - 3 potions of resistance
 n - a potion of magic
 w - a potion of restore abilities
 x - 6 potions of agility
 z - a potion of heal wounds
 C - a potion of cancellation
 F - 2 potions of flight
 L - 7 potions of curing
Comestibles
 g - 4 meat rations
 G - 2 chunks of iguana flesh
 O - 8 royal jellies


   Skills:
 + Level 9.0 Fighting
 + Level 1.8 Crossbows
 + Level 1.0 Throwing
 + Level 4.2 Armour
 + Level 9.7 Dodging
 - Level 2.5 Stealth
 * Level 12.6 Unarmed Combat
 * Level 8.5 Invocations
 + Level 0.4 Evocations


You had 11 spell levels left.
You didn't know any spells.

Dungeon Overview and Level Annotations

Branches:
Dungeon (11/15)            Temple (0/1) D:4            Lair (3/8) D:9
    Orc: D:9-12       Swamp: Lair:3-6    Shoals: Lair:3-6     Snake: Lair:3-6
 Spider: Lair:3-6

Altars:
Dithmenos
Elyvilon
Fedhas
Gozag
Nemelex Xobeh
Okawaru
Qazlal
Ru
Sif Muna
Trog
Vehumet
Xom
Yredelemnul
Zin
The Shining One

Shops:
D:4 ([**   D:6 }   D:8 ?   D:10 =

Annotations:
D:10 exclusion: oklob sapling
D:11 Erolcha


Innate Abilities, Weirdness & Mutations

Your body is rotting away.
You have sharp fingernails.
You are carnivorous and can eat meat at any time.
Your flesh is cold resistant.
You are immune to negative energy.
Your system is resistant to poisons.
You thrive on rotten meat.
You heal slowly when monsters are visible.
You are immune to unholy pain and torment.
You can survive without breathing.


Message History

The five-headed hydra is heavily wounded.
You claw the five-headed hydra!
The five-headed hydra is severely wounded.
The five-headed hydra is engulfed in freezing vapours.
The five-headed hydra bites you.
The five-headed hydra completely misses you.
The five-headed hydra barely misses you.
The five-headed hydra misses you. x2
You scratch the five-headed hydra.
The five-headed hydra is almost dead.
The five-headed hydra bites you. The five-headed hydra bites you!
* * * LOW HITPOINT WARNING * * *
The five-headed hydra barely misses you.
The five-headed hydra completely misses you.
The five-headed hydra bites you.
* * * LOW HITPOINT WARNING * * *
The five-headed hydra bites you!
* * * LOW HITPOINT WARNING * * *
The five-headed hydra bites you!
You die...

###### #. . .P.#### .. ......#
.## .....## .. ... #..### ....
..# . #.#.# ..... ##.## #..
#.#.##.#.... #...##....
............####P....#....
.............§.§@§.........
...............D............
...............%............
............................
........................###+.#
...P.###......................
#....P##...#...P.##...........
......#....##..#.##...%........
.......#...##......##..........


You could see a five-headed hydra (bleeding).

Vanquished Creatures
  A great orb of eyes (D:8)
  A hydra (Lair:2)
  A hill giant (D:10)
  The ghost of Psiweapon the Ducker, an experienced DrFi (D:5)
  3 spiny frogs
  A komodo dragon (D:9)
  A hydra zombie (D:10)
  A troll (D:9)
  A queen bee (D:8)
  A two-headed ogre (D:8)
  2 trapdoor spiders
  A basilisk (Lair:2)
  A deep elf mage (D:10)
  2 hippogriffs
  11 yaks
  A steam dragon (D:8)
  Menkaure (D:5)
  4 water moccasins
  3 porcupines
  4 phantoms
  An orc warrior (D:9)
  The ghost of Erg the Ruffian, an average TrFi (D:3)
  2 ice beasts
  2 black bears (D:7)
  2 ogres
  3 sky beasts
  2 crocodiles
  10 centaurs
  A necrophage (D:10)
  A boring beetle (Lair:3)
  A big kobold (D:8)
  16 giant frogs
  A yak zombie (D:7)
  6 scorpions
  21 killer bees
  4 crimson imps
  2 lava snakes (Lair:2)
  7 jellies
  2 centaur skeletons (D:4)
  4 hounds
  4 orc priests
  9 orc wizards
  A giant frog skeleton (D:9)
  3 worker ants
  7 iguanas
  A hound zombie (D:10)
  4 hound skeletons
  4 gnolls
  16 adders
  18 green rats (Lair:1)
  2 giant mites
  5 worms (D:2)
  8 giant geckos
  An ooze (D:4)
  27 orcs
  18 bats
  2 bat skeletons
  12 goblins
  8 hobgoblins
  12 jackals
  7 quokkas
  7 ball pythons
  4 giant cockroaches
  4 giant newts
  A giant spore (D:10)
  A gnoll skeleton (D:4)
  A goblin zombie (D:5)
  A hobgoblin skeleton (D:8)
  19 kobolds
  A kobold skeleton (D:6)
  An orc skeleton (D:10)
  15 rats
  A spectral orc (D:4)
  6 fungi
  7 plants
369 creatures vanquished.

Vanquished Creatures (others)
  2 plants
2 creatures vanquished.

Grand Total: 371 creatures vanquished

Notes
Turn   | Place    | Note
--------------------------------------------------------------
     0 | D:1      | Psiweapon, the Ghoul Monk, began the quest for the Orb.
     0 | D:1      | Reached XP level 1. HP: 19/19 MP: 1/1
   136 | D:1      | Reached XP level 2. HP: 2/24 MP: 2/2
  1308 | D:2      | Reached XP level 3. HP: 22/31 MP: 3/3
  1487 | D:2      | Reached skill level 5 in Unarmed Combat
  1525 | D:2      | Found a stormy altar of Qazlal.
  1538 | D:2      | Became a worshipper of Qazlal Stormbringer
  1538 | D:2      | Acquired Qazlal's first power
  1538 | D:2      | Acquired Qazlal's second power
  1620 | D:2      | Reached XP level 4. HP: 26/38 MP: 3/3
  1871 | D:2      | Reached skill level 1 in Invocations
  1967 | D:2      | Found a white marble altar of Elyvilon.
  2221 | D:3      | Noticed Erg's ghost (average TrFi)
  2231 | D:3      | Killed Erg's ghost
  2231 | D:3      | Reached XP level 5. HP: 28/45 MP: 5/5
  2355 | D:3      | Found a deep blue altar of Sif Muna.
  2541 | D:3      | Reached XP level 6. HP: 48/52 MP: 7/7
  2633 | D:3      | Found a shadowy altar of Dithmenos.
  2876 | D:4      | Found Ceuvah's General Store.
  2883 | D:4      | Bought a scroll of teleportation for 39 gold pieces
  2886 | D:4      | Found Pnuupsasm's General Store.
  2894 | D:4      | Bought a potion of heal wounds for 33 gold pieces
  3275 | D:4      | Acquired Qazlal's third power
  3298 | D:4      | Found Zuoduu's Armour Emporium.
  3355 | D:4      | Found a glowing silver altar of Zin.
  3390 | D:4      | Found Nifucux's Weapon Boutique.
  3418 | D:4      | Found a staircase to the Ecumenical Temple.
  3443 | D:4      | Found a basalt altar of Yredelemnul.
  3641 | D:4      | Reached skill level 6 in Unarmed Combat
  3760 | D:4      | Reached XP level 7. HP: 55/60 MP: 8/8
  3763 | D:5      | Entered Level 5 of the Dungeon
  3887 | D:5      | Noticed Psiweapon's ghost (experienced DrFi)
  3912 | D:5      | Killed Psiweapon's ghost
  3912 | D:5      | Reached skill level 5 in Fighting
  3912 | D:5      | Reached skill level 1 in Armour
  3912 | D:5      | Reached skill level 5 in Dodging
  3912 | D:5      | Reached XP level 8. HP: 51/68 MP: 11/11
  4074 | D:5      | Reached skill level 7 in Unarmed Combat
  4335 | D:5      | Noticed Menkaure
  4338 | D:5      | Killed Menkaure
  4681 | D:6      | Found a glowing golden altar of the Shining One.
  4707 | D:6      | Found Kuhoydoth's Gadget Shop.
  4719 | D:6      | Reached skill level 8 in Unarmed Combat
  4719 | D:6      | Reached XP level 9. HP: 57/75 MP: 14/14
  4824 | D:6      | Reached skill level 5 in Invocations
  5305 | D:7      | Found a bloodstained altar of Trog.
  5479 | D:7      | Found a shimmering altar of Xom.
  5577 | D:7      | Reached skill level 9 in Unarmed Combat
  5668 | D:7      | Found an iron altar of Okawaru.
  5978 | D:7      | Found a sacrificial altar of Ru.
  7028 | D:8      | Reached XP level 10. HP: 78/83 MP: 18/18
  7230 | D:8      | Reached skill level 10 in Unarmed Combat
  7330 | D:8      | Found Udarash's Magic Scroll Shop.
  7349 | D:8      | Bought a scroll of identify for 26 gold pieces
  7349 | D:8      | Bought a scroll of identify for 26 gold pieces
  7882 | D:8      | Noticed a great orb of eyes
  7885 | D:8      | Paralysed by a great orb of eyes for 5 turns
  7904 | D:8      | Paralysed by a great orb of eyes for 2 turns
  7913 | D:8      | Killed a great orb of eyes
  7920 | D:8      | Got a shimmering mace
  7928 | D:8      | Identified the +2 mace of the Hero {speed, rPois rC++ Dex+2} (You found it on level 8 of the Dungeon)
  8604 | D:9      | Found a sparkling altar of Nemelex Xobeh.
  8765 | D:9      | Reached XP level 11. HP: 94/94 MP: 20/20
  8791 | D:9      | Reached skill level 11 in Unarmed Combat
  8795 | D:9      | Found a staircase to the Lair.
  9021 | D:9      | Found a radiant altar of Vehumet.
  9021 | D:9      | Found an opulent altar of Gozag.
  9157 | D:10     | Entered Level 10 of the Dungeon
  9961 | D:10     | Found Neados' Jewellery Shop.
  9985 | D:10     | Noticed a hill giant
  9994 | D:10     | Killed a hill giant
 10062 | D:10     | Reached skill level 12 in Unarmed Combat
 10101 | D:10     | Found a blossoming altar of Fedhas.
 10413 | D:10     | Acquired Qazlal's fourth power
 10757 | D:11     | Noticed Erolcha
 10846 | Lair:1   | Entered Level 1 of the Lair of Beasts
 10857 | Lair:1   | Reached skill level 1 in Throwing
 11599 | Lair:1   | Reached skill level 1 in Crossbows
 12062 | Lair:2   | Reached XP level 12. HP: 81/103 MP: 22/22
 12196 | Lair:2   | Noticed an eight-headed hydra
 12202 | Lair:2   | Killed an eight-headed hydra
 12965 | Lair:3   | Noticed a five-headed hydra
 13005 | Lair:3   | Slain by a five-headed hydra

Action                   |  1- 3 |  4- 6 |  7- 9 | 10-12 || total
-------------------------+-------+-------+-------+-------++-------
Melee: Unarmed           |   124 |   217 |   371 |   587 ||  1299
 Fire: Hand crossbow     |       |       |       |    36 ||    36
Throw: Tomahawk          |       |       |       |     9 ||     9
       Throwing net      |       |       |       |     2 ||     2
Invok: Upheaval          |       |     1 |    11 |    16 ||    28
Evoke: Wand              |       |       |       |     8 ||     8
  Use: Scroll            |     5 |     3 |     8 |    17 ||    33
       Potion            |     1 |       |     3 |     3 ||     7
 Stab: Sleeping          |     2 |       |       |       ||     2
       Distracted        |     1 |       |       |       ||     1
  Eat: Chunk             |    11 |    15 |    22 |    68 ||   116
